| TOP OF THE 1ST |
|
Oakland Athletics batting - Pitching for Baltimore Orioles : LHP Randy Johnson Jr.
|
|
Pitching: LHP Randy Johnson Jr.
|
|
|
Batting: RHB Jason May
|
0-0: Ball 1-0: Swinging Strike 1-1: Fly out, F9 (Flyball, 89S, EV 79.4 MPH)
|
|
Batting: RHB Shigem Kubo
|
0-0: Called Strike 0-1: Ball 1-1: Swinging Strike 1-2: Ball 2-2: Strikes out looking
|
|
Batting: RHB Muneo Kawachi
|
0-0: Foul Ball, location: 2F 0-1: Foul Ball, location: 2F 0-2: Ground out 4-3 (Groundball, 4, EV 86.9 MPH)
|
| Top of the 1st over - 0 runs, 0 hits, 0 errors, 0 left on base; Oakland 0 - Baltimore 0 |
| BOTTOM OF THE 1ST |
|
Baltimore Orioles batting - Pitching for Oakland Athletics : RHP Franklin Rojas
|
|
Pitching: RHP Franklin Rojas
|
|
|
Batting: SHB Aldo Questi
|
0-0: Ground out 6-3 (Groundball, 6, EV 110.0 MPH)
|
|
Batting: RHB Saimei Kudo
|
0-0: Foul Ball, location: 2F 0-1: Called Strike 0-2: Ball 1-2: SINGLE (Line Drive, 7LM, EV 108.1 MPH)
|
|
Batting: LHB Ernesto Cedillos
|
0-0: Ball 1-0: Ball Saimei Kudo steals 2nd base 2-0: Ball Wild Pitch! Saimei Kudo to third 3-0: Called Strike 3-1: Ground out 4-3 (Groundball, 4S, EV 65.0 MPH) Saimei Kudo scores
|
|
Batting: RHB Rudo Garciaparra
|
0-0: Called Strike 0-1: Ball 1-1: Swinging Strike 1-2: Fly out, F9 (Flyball, 9LM, EV 74.4 MPH)
|
| Bottom of the 1st over - 1 run, 1 hit, 0 errors, 0 left on base; Oakland 0 - Baltimore 1 |
| TOP OF THE 2ND |
|
Oakland Athletics batting - Pitching for Baltimore Orioles : LHP Randy Johnson Jr.
|
|
Batting: RHB Randy Shrewsbury
|
0-0: Ball 1-0: Foul Ball, location: 2F 1-1: Ball 2-1: Ball 3-1: Fly out, F3 (Popup, 34, EV 60.0 MPH)
|
|
Batting: RHB Ryan Kinkead
|
0-0: Called Strike 0-1: Ball 1-1: Foul Ball, location: 2F 1-2: Ball 2-2: Ball 3-2: Foul Ball, location: 2F 3-2: Foul Ball, location: 2F 3-2: SINGLE (Groundball, 34D, EV 100.0 MPH)
|
|
Batting: RHB Philip Jansen
|
0-0: Swinging Strike 0-1: Ball Wild Pitch! Ryan Kinkead to second 1-1: Ball 2-1: Foul Ball, location: 2F 2-2: Ball 3-2: Base on Balls
|
|
Batting: RHB Mike Blair
|
0-0: Called Strike 0-1: Foul Ball, location: 2F 0-2: Ball 1-2: Ball 2-2: Grounds into double play, 5-4-3 (Groundball, 56, EV 106.2 MPH)
|
| Top of the 2nd over - 0 runs, 1 hit, 0 errors, 1 left on base; Oakland 0 - Baltimore 1 |
| BOTTOM OF THE 2ND |
|
Baltimore Orioles batting - Pitching for Oakland Athletics : RHP Franklin Rojas
|
|
Batting: LHB Brian Feher
|
0-0: Called Strike 0-1: Foul Ball, location: 2F 0-2: Ball 1-2: Foul Ball, location: 2F 1-2: Ball 2-2: Ball 3-2: Strikes out swinging
|
|
Batting: RHB Blake Ballard
|
0-0: Called Strike 0-1: Called Strike 0-2: Ball 1-2: Ground out 6-3 (Groundball, 6, EV 95.0 MPH)
|
|
Batting: SHB Robert Handy
|
0-0: Called Strike 0-1: Called Strike 0-2: Reached on error, E3 (Groundball, 34S, EV 90.0 MPH)
|
|
Batting: LHB Bob Melley
|
0-0: Called Strike 0-1: Called Strike 0-2: Foul Ball, location: 2F 0-2: Strikes out swinging
|
| Bottom of the 2nd over - 0 runs, 0 hits, 1 error, 1 left on base; Oakland 0 - Baltimore 1 |
| TOP OF THE 3RD |
|
Oakland Athletics batting - Pitching for Baltimore Orioles : LHP Randy Johnson Jr.
|
|
Batting: SHB Ryan Langlois
|
0-0: Foul Ball, location: 2F 0-1: Called Strike 0-2: Strikes out swinging
|
|
Batting: SHB Quincy Bradford
|
0-0: Called Strike 0-1: Ground out 1-3 (Groundball, P, EV 77.5 MPH)
|
|
Batting: RHB Jason May
|
0-0: Ball 1-0: Ball 2-0: Called Strike 2-1: Fly out, F9 (Line Drive, 89M, EV 98.1 MPH)
|
| Top of the 3rd over - 0 runs, 0 hits, 0 errors, 0 left on base; Oakland 0 - Baltimore 1 |
| BOTTOM OF THE 3RD |
|
Baltimore Orioles batting - Pitching for Oakland Athletics : RHP Franklin Rojas
|
|
Batting: RHB Andres Leon
|
0-0: Foul Ball, location: 2F 0-1: Called Strike 0-2: SINGLE (Groundball, 56S, EV 74.4 MPH) (infield hit)
|
|
Batting: SHB Aldo Questi
|
0-0: Foul Ball, location: 2F 0-1: Swinging Strike 0-2: Fly out, F9 (Flyball, 9, EV 89.4 MPH)
|
|
Batting: RHB Saimei Kudo
|
0-0: Called Strike Andres Leon steals 2nd base 0-1: Called Strike Andres Leon steals 3rd base 0-2: Ball 1-2: Strikes out swinging
|
|
Batting: LHB Ernesto Cedillos
|
0-0: Ball 1-0: Called Strike 1-1: Swinging Strike 1-2: Foul Ball, location: 2F 1-2: Hit by Pitch
|
|
Batting: RHB Rudo Garciaparra
|
0-0: Ball 1-0: Fly out, F8 (Flyball, 78M, EV 93.1 MPH)
|
| Bottom of the 3rd over - 0 runs, 1 hit, 0 errors, 2 left on base; Oakland 0 - Baltimore 1 |
| TOP OF THE 4TH |
|
Oakland Athletics batting - Pitching for Baltimore Orioles : LHP Randy Johnson Jr.
|
|
Batting: RHB Shigem Kubo
|
0-0: Ground out 6-3 (Groundball, 6, EV 85.0 MPH)
|
|
Batting: RHB Muneo Kawachi
|
0-0: Called Strike 0-1: Swinging Strike 0-2: Strikes out swinging
|
|
Batting: RHB Randy Shrewsbury
|
0-0: Called Strike 0-1: Ball 1-1: Ball 2-1: Ball 3-1: Base on Balls
|
|
Batting: RHB Ryan Kinkead
|
0-0: Called Strike 0-1: Ball 1-1: Swinging Strike 1-2: Ball 2-2: Foul Ball, location: 2F 2-2: Foul Ball, location: 2F 2-2: Foul Ball, location: 2F 2-2: Strikes out swinging
|
| Top of the 4th over - 0 runs, 0 hits, 0 errors, 1 left on base; Oakland 0 - Baltimore 1 |
| BOTTOM OF THE 4TH |
|
Baltimore Orioles batting - Pitching for Oakland Athletics : RHP Franklin Rojas
|
|
Batting: LHB Brian Feher
|
0-0: DOUBLE (Line Drive, 7LD, EV 106.9 MPH)
|
|
Batting: RHB Blake Ballard
|
0-0: Ball 1-0: Foul Ball, location: 2F 1-1: Foul Ball, location: 2F 1-2: Strikes out swinging
|
|
Batting: SHB Robert Handy
|
0-0: Foul Ball, location: 2F 0-1: Ball 1-1: Ground out U3 (Groundball, 3S, EV 68.1 MPH) Brian Feher to third
|
|
Batting: LHB Bob Melley
|
0-0: Ball 1-0: Called Strike 1-1: Ball 2-1: Foul Ball, location: 2F 2-2: Ball 3-2: Ground out U3 (Groundball, 3S, EV 95.0 MPH)
|
| Bottom of the 4th over - 0 runs, 1 hit, 0 errors, 1 left on base; Oakland 0 - Baltimore 1 |
| TOP OF THE 5TH |
|
Oakland Athletics batting - Pitching for Baltimore Orioles : LHP Randy Johnson Jr.
|
|
Batting: RHB Philip Jansen
|
0-0: Ball 1-0: Foul Ball, location: 2F 1-1: Ball 2-1: Swinging Strike 2-2: Ball 3-2: Strikes out swinging
|
|
Batting: RHB Mike Blair
|
0-0: Called Strike 0-1: Ball 1-1: Called Strike 1-2: Foul Ball, location: 2F 1-2: Strikes out swinging
|
|
Batting: SHB Ryan Langlois
|
0-0: Called Strike 0-1: Ball 1-1: Swinging Strike 1-2: Ball 2-2: Ball 3-2: Foul Ball, location: 2F 3-2: Foul Ball, location: 2F 3-2: Foul Ball, location: 2F 3-2: Fly out, F8 (Flyball, 89M, EV 94.4 MPH)
|
| Top of the 5th over - 0 runs, 0 hits, 0 errors, 0 left on base; Oakland 0 - Baltimore 1 |
| BOTTOM OF THE 5TH |
|
Baltimore Orioles batting - Pitching for Oakland Athletics : RHP Franklin Rojas
|
|
Batting: RHB Andres Leon
|
0-0: Ball 1-0: Called Strike 1-1: Ground out 5-3 (Groundball, 56S, EV 80.6 MPH)
|
|
Batting: SHB Aldo Questi
|
0-0: Ball 1-0: Foul Ball, location: 2F 1-1: Foul Ball, location: 2F 1-2: Strikes out swinging
|
|
Batting: RHB Saimei Kudo
|
0-0: Called Strike 0-1: Ball 1-1: Ball 2-1: Swinging Strike 2-2: Strikes out swinging
|
| Bottom of the 5th over - 0 runs, 0 hits, 0 errors, 0 left on base; Oakland 0 - Baltimore 1 |
| TOP OF THE 6TH |
|
Oakland Athletics batting - Pitching for Baltimore Orioles : LHP Randy Johnson Jr.
|
|
Batting: SHB Quincy Bradford
|
0-0: Called Strike 0-1: Ball 1-1: Foul Ball, location: 2F 1-2: Ball 2-2: Ball 3-2: Base on Balls
|
|
Batting: RHB Jason May
|
0-0: Foul Ball, location: 2F 0-1: Ball 1-1: Foul Ball, location: 2F 1-2: Fly out, F8 (Flyball, 8LD, EV 95.6 MPH)
|
|
Batting: RHB Shigem Kubo
|
0-0: Ball Quincy Bradford is caught stealing 2nd base 2-4 1-0: Ball 2-0: Foul Ball, location: 2F 2-1: Swinging Strike 2-2: Foul Ball, location: 2F 2-2: Ball 3-2: Foul Ball, location: 2F 3-2: SOLO HOME RUN (Flyball, 78XD, EV 99.4 MPH), Distance : 384 ft
|
|
Batting: RHB Muneo Kawachi
|
0-0: Foul Ball, location: 2F 0-1: Fly out, F9 (Flyball, 9, EV 89.4 MPH)
|
| Top of the 6th over - 1 run, 1 hit, 0 errors, 0 left on base; Oakland 1 - Baltimore 1 |
| BOTTOM OF THE 6TH |
|
Baltimore Orioles batting - Pitching for Oakland Athletics : RHP Franklin Rojas
|
|
Batting: LHB Ernesto Cedillos
|
0-0: Ball 1-0: Ball 2-0: Called Strike 2-1: Ground out U3 (Groundball, 3, EV 108.1 MPH)
|
|
Batting: RHB Rudo Garciaparra
|
0-0: Swinging Strike 0-1: Ball 1-1: Ball 2-1: Ball 3-1: Swinging Strike 3-2: Foul Ball, location: 2F 3-2: Base on Balls
|
|
Batting: LHB Brian Feher
|
0-0: Fly out, F6 (Popup, 6M, EV 70.6 MPH)
|
|
Batting: RHB Blake Ballard
|
0-0: Ball Rudo Garciaparra is caught stealing 2nd base 2-4
|
| Bottom of the 6th over - 0 runs, 0 hits, 0 errors, 0 left on base; Oakland 1 - Baltimore 1 |
| TOP OF THE 7TH |
|
Oakland Athletics batting - Pitching for Baltimore Orioles : LHP Randy Johnson Jr.
|
|
Pitching: RHP Mike Hurst
|
|
|
Batting: RHB Randy Shrewsbury
|
0-0: Ball 1-0: Called Strike 1-1: Ball 2-1: Called Strike 2-2: Strikes out swinging
|
|
Batting: RHB Ryan Kinkead
|
0-0: Called Strike 0-1: Ball 1-1: Called Strike 1-2: Ball 2-2: Foul Ball, location: 2F 2-2: Ball 3-2: Strikes out swinging
|
|
Batting: RHB Philip Jansen
|
0-0: Ball 1-0: Fly out, F8 (Line Drive, 8LM, EV 86.2 MPH)
|
| Top of the 7th over - 0 runs, 0 hits, 0 errors, 0 left on base; Oakland 1 - Baltimore 1 |
| BOTTOM OF THE 7TH |
|
Baltimore Orioles batting - Pitching for Oakland Athletics : RHP Franklin Rojas
|
|
Batting: RHB Blake Ballard
|
0-0: Foul Ball, location: 2F 0-1: Fly out, F8 (Line Drive, 8LXD, EV 90.6 MPH)
|
|
Batting: SHB Robert Handy
|
0-0: Called Strike 0-1: Swinging Strike 0-2: Foul Ball, location: 2F 0-2: Ball 1-2: Ball 2-2: Foul Ball, location: 2F 2-2: SINGLE (Groundball, 3D, EV 94.4 MPH)
|
|
Batting: LHB Bob Melley
|
0-0: Ground out 3-1 (Groundball, 34, EV 88.8 MPH) Robert Handy to second
|
|
Batting: RHB Andres Leon
|
0-0: Ball 1-0: Called Strike 1-1: Called Strike 1-2: Ball 2-2: Fly out, F8 (Line Drive, 8RD, EV 87.5 MPH)
|
| Bottom of the 7th over - 0 runs, 1 hit, 0 errors, 1 left on base; Oakland 1 - Baltimore 1 |
| TOP OF THE 8TH |
|
Oakland Athletics batting - Pitching for Baltimore Orioles : RHP Mike Hurst
|
|
Batting: RHB Mike Blair
|
0-0: Ball 1-0: Swinging Strike 1-1: Fly out, F8 (Flyball, 8LXD, EV 90.0 MPH)
|
|
Batting: SHB Ryan Langlois
|
0-0: Called Strike 0-1: Ball 1-1: SINGLE (Line Drive, 7S, EV 99.4 MPH)
|
|
Batting: SHB Quincy Bradford
|
0-0: Called Strike 0-1: Ball 1-1: 2-RUN HOME RUN (Line Drive, 78XD, EV 107.5 MPH), Distance : 383 ft
|
|
Batting: RHB Jason May
|
0-0: Ball 1-0: Ball 2-0: Called Strike 2-1: Ball 3-1: Called Strike 3-2: Strikes out swinging
|
|
Batting: RHB Shigem Kubo
|
0-0: Ground out 3-1 (Groundball, 34, EV 85.0 MPH)
|
| Top of the 8th over - 2 runs, 2 hits, 0 errors, 0 left on base; Oakland 3 - Baltimore 1 |
| BOTTOM OF THE 8TH |
|
Baltimore Orioles batting - Pitching for Oakland Athletics : RHP Franklin Rojas
|
|
Pitching: RHP Taek-gyun Kym
|
|
|
Batting: SHB Aldo Questi
|
0-0: Called Strike 0-1: Foul Ball, location: 2F 0-2: Foul Ball, location: 2F 0-2: Foul Ball, location: 2F 0-2: Fly out, F5 (Popup, 5SF, EV 70.6 MPH)
|
|
Batting: RHB Saimei Kudo
|
0-0: Ball 1-0: Ball 2-0: Ball 3-0: Base on Balls
|
|
Batting: LHB Ernesto Cedillos
|
0-0: Ball 1-0: Foul Ball, location: 2F 1-1: Called Strike 1-2: Ball 2-2: Foul Ball, location: 2F 2-2: Fly out, F8 (Flyball, 8RM, EV 87.5 MPH)
|
|
Batting: RHB Rudo Garciaparra
|
0-0: Ball 1-0: Called Strike 1-1: SINGLE (Line Drive, 89S, EV 101.2 MPH) Saimei Kudo to second Runner from 2nd tries for 3rd, OUT! 9-5
|
| Bottom of the 8th over - 0 runs, 1 hit, 0 errors, 1 left on base; Oakland 3 - Baltimore 1 |
| TOP OF THE 9TH |
|
Oakland Athletics batting - Pitching for Baltimore Orioles : RHP Mike Hurst
|
|
Pitching: RHP Bobby Marble
|
|
|
Batting: RHB Muneo Kawachi
|
0-0: Ball 1-0: Ball 2-0: Called Strike 2-1: Ball 3-1: Ground out U3 (Groundball, 34S, EV 88.1 MPH)
|
|
Batting: RHB Randy Shrewsbury
|
0-0: Foul Ball, location: 2F 0-1: Ball 1-1: Foul Ball, location: 2F 1-2: Strikes out swinging
|
|
Pitching: RHP Terry Huffmaster
|
|
|
Batting: RHB Ryan Kinkead
|
0-0: Called Strike 0-1: Ball 1-1: Called Strike 1-2: Ground out U3 (Groundball, 34, EV 83.1 MPH)
|
| Top of the 9th over - 0 runs, 0 hits, 0 errors, 0 left on base; Oakland 3 - Baltimore 1 |
| BOTTOM OF THE 9TH |
|
Baltimore Orioles batting - Pitching for Oakland Athletics : RHP Taek-gyun Kym
|
|
Batting: LHB Brian Feher
|
0-0: Ball 1-0: Ball 2-0: Ball 3-0: Called Strike 3-1: Base on Balls
|
|
Pinch Hitting: SHB Jason Hayes
|
0-0: Ball 1-0: Called Strike 1-1: Reached on error, E1 (Groundball, 13S, EV 66.2 MPH) Brian Feher to second
|
|
Batting: SHB Robert Handy
|
0-0: Called Strike 0-1: Swinging Strike 0-2: Ball 1-2: Ball 2-2: Ball 3-2: Foul Ball, location: 2F 3-2: Base on Balls Brian Feher to third Jason Hayes to second
|
|
Batting: LHB Bob Melley
|
0-0: Called Strike 0-1: Called Strike 0-2: Ball 1-2: Ball 2-2: Ball 3-2: Fly out, F7 (Line Drive, 78S, EV 90.6 MPH)
|
|
Pinch Hitting: LHB Jesus Lozano
|
0-0: Ball 1-0: Ball 2-0: Ball 3-0: Called Strike 3-1: Swinging Strike 3-2: Strikes out looking
|
|
Batting: SHB Aldo Questi
|
0-0: DOUBLE (Line Drive, 9LM, EV 106.9 MPH) Brian Feher scores Jason Hayes scores Robert Handy to third
|
|
Batting: RHB Saimei Kudo
|
0-0: Ground out 4-3 (Groundball, 4D, EV 103.8 MPH)
|
| Bottom of the 9th over - 2 runs, 1 hit, 1 error, 2 left on base; Oakland 3 - Baltimore 3 |
| TOP OF THE 10TH |
|
Oakland Athletics batting - Pitching for Baltimore Orioles : RHP Terry Huffmaster
|
|
Pitching: RHP Chris Dauphin
|
|
|
Now at 2B: Jesus Lozano
|
|
|
Now at 3B: Saimei Kudo
|
|
|
Now at SS: Rudo Garciaparra
|
|
|
Now in CF: Bob Melley
|
|
|
Now in RF: Jason Hayes
|
|
|
Pinch Hitting: LHB Sakae Kasahara
|
0-0: SOLO HOME RUN (Flyball, 9D, EV 98.8 MPH), Distance : 377 ft
|
|
Batting: RHB Mike Blair
|
0-0: Foul Ball, location: 2F 0-1: Ball 1-1: Ball 2-1: Ball 3-1: Base on Balls
|
|
Batting: SHB Ryan Langlois
|
0-0: Called Strike 0-1: Swinging Strike 0-2: Grounds out, U3 (Groundball, 3L, EV 85.0 MPH)
|
|
Batting: SHB Quincy Bradford
|
0-0: Ball 1-0: Called Strike 1-1: Foul Ball, location: 2F 1-2: Strikes out swinging
|
|
Batting: RHB Jason May
|
0-0: Ball 1-0: Swinging Strike 1-1: Swinging Strike 1-2: Ball 2-2: Strikes out swinging
|
| Top of the 10th over - 1 run, 1 hit, 0 errors, 1 left on base; Oakland 4 - Baltimore 3 |
| BOTTOM OF THE 10TH |
|
Baltimore Orioles batting - Pitching for Oakland Athletics : RHP Taek-gyun Kym
|
|
Now in RF: Jorge Bernal
|
|
|
Batting: LHB Ernesto Cedillos
|
0-0: Ball 1-0: SINGLE (Line Drive, 8RS, EV 103.1 MPH)
|
|
Batting: RHB Rudo Garciaparra
|
0-0: Called Strike 0-1: Ball 1-1: Swinging Strike 1-2: Strikes out swinging
|
|
Pitching: RHP John Owens
|
|
|
Batting: LHB Brian Feher
|
0-0: Ball 1-0: Foul Ball, location: 2F 1-1: Swinging Strike 1-2: Strikes out swinging
|
|
Batting: SHB Jason Hayes
|
0-0: Called Strike 0-1: Ball 1-1: Ball 2-1: SINGLE (Groundball, 4M, EV 88.1 MPH) (infield hit) Ernesto Cedillos to second
|
|
Pinch Runner at 2nd Jesse Basich:
|
|
|
Batting: SHB Robert Handy
|
0-0: Ball 1-0: SINGLE (Flyball, 8LS, EV 94.4 MPH) Jesse Basich to third Jason Hayes to second Runner from 3rd tries for Home, SAFE, throw by CF to home
|
|
Batting: LHB Bob Melley
|
0-0: Ball 1-0: Called Strike 1-1: Ball 2-1: Ball 3-1: Base on Balls Jason Hayes to third Robert Handy to second
|
|
Batting: LHB Jesus Lozano
|
0-0: GRAND SLAM HOME RUN (Flyball, 89XD, EV 106.2 MPH), Distance : 401 ft
|
| Bottom of the 10th over - 5 runs, 4 hits, 0 errors, 0 left on base; Oakland 4 - Baltimore 8 |
|